 Dungeon Crawl Stone Soup version 0.25-a0-42-g6c54e25 (webtiles) character file.

Game seed: 13263474443139459016, levelgen mode: deterministic

4 ArcanElement the Magician (level 1, -1/10 HPs)
             Began as a Deep Elf Wizard on Oct 22, 2019.
             Killed from afar by a dart slug (5 damage)
             ... with a slug dart
             ... on level 1 of the Dungeon.
             The game lasted 00:00:36 (345 turns).

ArcanElement the Magician (Deep Elf Wizard)          Turns: 345, Time: 00:00:37

Health: -1/10      AC:  2    Str:  4    XL:     1   Next: 50%
Magic:  0/8        EV: 13    Int: 22    God:
Gold:   27         SH:  0    Dex: 13    Spells: 8/9 levels left

rFire    . . .     SeeInvis .   c - +0 short sword
rCold    . . .     Gourm    .   (no shield)
rNeg     . . .     Faith    .   a - +0 robe
rPois    .         Spirit   .   b - +0 hat
rElec    .         Reflect  .   (no cloak)
rCorr    .         Harm     .   (no gloves)
MR       .....                  (no boots)
Stlth    ++........             (no amulet)
HPRegen  0.03/turn              (no ring)
MPRegen  0.11/turn              (no ring)

@: very slightly contaminated
A: no striking features
a: no special abilities


You were on level 1 of the Dungeon.
You were not hungry.

You visited 1 branch of the dungeon, and saw 1 of its levels.

You collected 27 gold pieces.

Inventory:

Hand Weapons
 c - a +0 short sword (weapon)
Armour
 a - a +0 robe (worn)
 b - a +0 hat (worn)
Scrolls
 f - a scroll of enchant weapon {unknown}
Potions
 e - a potion of might {unknown}
Comestibles
 d - a ration


   Skills:
 + Level 0.2 Fighting
 + Level 2.6 Dodging
 - Level 2.4 Stealth
 + Level 4.5 Spellcasting
 - Level 1.1 Conjurations
   Level 1.1 Summonings
   Level 1.1 Translocations


You had 8 spell levels left.
You knew the following spells:

 Your Spells              Type           Power        Failure   Level  Hunger
a - Magic Dart            Conj           #...         7%          1    None

Your spell library contained the following spells:

 Spells                   Type           Power        Failure   Level  Hunger
 Blink                    Tloc           N/A          11%         2    #......
 Call Imp                 Summ           #.......     11%         2    #......
 Slow                     Hex            #.......     16%         2    #......
 Conjure Flame            Conj/Fire      #.......     26%         3    ##.....
 Mephitic Cloud           Conj/Pois/Air  #.......     26%         3    ##.....


Dungeon Overview and Level Annotations

Branches:
Dungeon (1/15)

Altars:


Message History

Confirm with . or Enter, or press ? or * to list all spells.
Aiming: Magic Dart (safe; 7% risk of failure)
Press: ? - help, Shift-Dir - straight line, f/p - dart slug
Aim: a dart slug (heavily wounded, clinging)
The magic dart hits the dart slug but does no damage.
The dart slug is heavily wounded.
The dart slug closely misses you.
You hit the dart slug.
The dart slug is heavily wounded.
Casting: Magic Dart (safe; 7% risk of failure)
Confirm with . or Enter, or press ? or * to list all spells.
Aiming: Magic Dart (safe; 7% risk of failure)
Press: ? - help, Shift-Dir - straight line, f/p - dart slug
Aim: a dart slug (heavily wounded, clinging)
The magic dart hits the dart slug.
The dart slug is almost dead.
The dart slug launches a dart at you. The slug dart hits you.
Ouch! That really hurt!
You die...

## ## ### .# . ..#
)# #r #.# .#
#.##.##.# ##
......w@# #
#.##.#..# #
#.##.#..#
########.#.......#
..............#.##
.##############.#
.# #.# .# #.# ##
#.#


You could see a dart slug.

Vanquished Creatures
  A hobgoblin (D:1)
  3 kobolds (D:1)
4 creatures vanquished.

Notes
Turn   | Place    | Note
-------+----------+-------------------------------------------
     0 | D:1      | ArcanElement the Deep Elf Wizard began the quest for the
                  | Orb.
     0 | D:1      | Reached XP level 1. HP: 10/10 MP: 7/7
   345 | D:1      | Killed from afar by a dart slug

Levels and vault maps discovered:
D:1:      kennysheep_arrival_forest, layout_loops_ring, serial_bayou_pond_d,
          xom_teletrap_fun

Action                   || total
-------------------------++-------
Melee: Short sword       ||     3
 Cast: Magic Dart        ||    13
 Stab: Sleeping          ||     2
Armor: Robe              ||     1
Dodge: Dodged            ||     4

Table legend:
 A = Non-vault XP
 B = Vault XP
 C = Vault XP percentage of total XP
 D = Non-vault monster count
 E = Vault monster count
 F = Vault count percentage of total count
                 A         B        C        D         E       F
            +---------+---------+-------+---------+---------+-------
      Total |       6 |       0 |   0.0 |       4 |       0 |   0.0
            +---------+---------+-------+---------+---------+-------
        D:1 |       6 |       0 |   0.0 |       4 |       0 |   0.0
            +---------+---------+-------+---------+---------+-------
